 Dungeon Crawl Stone Soup version 0.16.2-2-g470672f (webtiles) character file.

210 Mynnion the Skirmisher (level 5, -2/48 HPs)
             Began as a Minotaur Berserker on Sept 3, 2015.
             Was a Believer of Trog.
             Killed from afar by an orc wizard (8 damage)
             ... with a puff of flame
             ... on level 6 of the Dungeon.
             The game lasted 00:19:34 (2953 turns).

Mynnion the Skirmisher (Minotaur Berserker)         Turns: 2953, Time: 00:19:34

Health: -2/48      AC:  4    Str: 22    XL:     5   Next: 56%
Magic:  2/2        EV: 13    Int:  4    God:    Trog [**....]
Gold:   217        SH:  0    Dex: 10    Spells: 0 memorised, 4 levels left

rFire  . . .     SeeInvis .     a - +0 mace
rCold  + . .     Clarity  .     b - +0 animal skin
rNeg   . . .     SustAb   .     (no shield)
rPois  +         Gourm    .     (helmet restricted)
rElec  .         Spirit   .     l - +0 cloak
rCorr  .         Warding  .     s - +0 pair of gloves
rMut   .         Stasis   .     (no boots)
MR     .....                    (no amulet)
Stlth  +.........               (no ring)
                                m - ring of poison resistance

@: not resistant to hostile enchantments, very unstealthy
A: retaliatory headbutt, horns 2, cold resistance 1
a: Burn Spellbooks, Berserk, Trog's Hand, Renounce Religion


You were on level 6 of the Dungeon.
You worshipped Trog.
Trog was pleased with you.
You were full.

You visited 1 branch of the dungeon, and saw 6 of its levels.

You collected 217 gold pieces.

Inventory:

Hand weapons
 a - a +0 mace (weapon)
 k - the +4 spear "Qavvinem" {venom, Contam +Blink MR++, unknown}
   (You found it on level 5 of the Dungeon)

   It poisons the flesh of those it strikes.
   It affects your resistance to hostile enchantments.
   It lets you blink.
   It causes magical contamination when unequipped.
 q - a +0 hunting sling
Armour
 b - a +0 animal skin (worn)
 f - a +0 ring mail (quivered)
 g - a +0 ring mail
 i - a +0 robe
 l - a +0 cloak (worn)
 s - a +0 pair of gloves (worn)
Jewellery
 m - a ring of poison resistance (left hand)
Magical devices
 v - a wand of frost (29)
Scrolls
 h - a scroll of remove curse
 t - a scroll of teleportation
Potions
 d - a potion of brilliance
 e - a potion of flight
 j - a potion of magic {unknown}
 p - a potion of lignification {I'm a tree, get me out of here.}
Comestibles
 c - 2 bread rations
 n - a meat ration


   Skills:
 + Level 5.2 Fighting
 + Level 5.1 Maces & Flails
 + Level 2.5 Armour
 + Level 3.7 Dodging
 + Level 1.2 Stealth


You had 4 spell levels left.
You didn't know any spells.

Dungeon Overview and Level Annotations

Branches:
Dungeon (6/15)
 Temple: D:4-7

Altars:
Dithmenos
Gozag
Qazlal
Trog
Vehumet


Innate Abilities, Weirdness & Mutations

You reflexively headbutt those who attack you in melee.
You have a pair of horns on your head.
Your flesh is cold resistant.


Message History

* * * LOW HITPOINT WARNING * * *
You climb downwards.
There is a stone staircase leading up here.
You closely miss something. Something barely misses you.
Something hits you but does no damage.
You barely miss something. You headbutt something. Something hits you.
* * * LOW HITPOINT WARNING * * *
Something hits you.
* * * LOW HITPOINT WARNING * * *
You closely miss something.
You hear some strange, mumbled words.
The puff of frost misses you. Something hits you but does no damage.
You hit something but do no damage. Something hits you but does no damage.
You closely miss something. You headbutt something. Something hits you.
* * * LOW HITPOINT WARNING * * *
Something hits you but does no damage.
You completely miss something.
You hear some strange, mumbled words.
The puff of flame hits you!
You die...

.
#....#..##..
.
#...###..#..
.##
#..###.....#
#.##
#..##......#
#..
#.##........
#..
..#..###.#?.
#.# #....#
#..##. ##.#
#... #..#..
#{@# #.
#....# ##.#
#.... ##.
..... ..
..... .#.
/... ##.. .
..


There were no monsters in sight!

Vanquished Creatures
  An orc wizard (D:6)
  A worker ant (D:4)
  4 gnolls (D:4)
  4 adders
  A shadow imp (D:5)
  A worm (D:3)
  4 giant geckos
  3 orcs (D:3)
  6 ball pythons
  8 bats
  2 giant cockroaches (D:2)
  8 goblins
  8 hobgoblins
  5 jackals
  6 kobolds
  2 quokkas
  A giant newt (D:2)
  6 rats
  2 plants (D:3)
73 creatures vanquished.

Notes
Turn   | Place    | Note
--------------------------------------------------------------
     0 | D:1      | Mynnion, the Minotaur Berserker, began the quest for the Orb.
     0 | D:1      | Reached XP level 1. HP: 19/19 MP: 1/1
   425 | D:1      | Reached skill level 4 in Fighting
   425 | D:1      | Reached XP level 2. HP: 16/27 MP: 1/1
  1006 | D:2      | Reached XP level 3. HP: 32/34 MP: 2/2
  1264 | D:2      | Acquired Trog's second power
  1807 | D:3      | Reached XP level 4. HP: 39/41 MP: 2/2
  1945 | D:3      | Found a shadowy altar of Dithmenos.
  2223 | D:3      | Found an opulent altar of Gozag.
  2279 | D:4      | Reached skill level 5 in Fighting
  2279 | D:4      | Reached skill level 1 in Stealth
  2283 | D:4      | Reached XP level 5. HP: 16/48 MP: 2/2
  2530 | D:3      | Found a radiant altar of Vehumet.
  2587 | D:3      | Found a stormy altar of Qazlal.
  2587 | D:3      | Found a bloodstained altar of Trog.
  2674 | D:3      | Reached skill level 5 in Maces & Flails
  2753 | D:3      | You fall through a shaft for 2 floors!
  2753 | D:5      | Entered Level 5 of the Dungeon
  2861 | D:5      | Gained mutation: Your flesh is cold resistant. [potion of beneficial mutation]
  2922 | D:5      | Got an encrusted spear
  2953 | D:6      | Killed from afar by an orc wizard

Action                   |  1- 3 |  4- 6 || total
-------------------------+-------+-------++-------
Melee: Mace              |    75 |   110 ||   185
  Use: Scroll            |     3 |     5 ||     8
       Potion            |     1 |     7 ||     8
 Stab: Sleeping          |     1 |       ||     1
  Eat: Bread ration      |     1 |       ||     1
       Meat ration       |       |     1 ||     1
       Royal jelly       |       |     1 ||     1
